AoeStats
← Macau_Player

Arena

507040643Analyzed
4v4 RM · 15d ago on Sep 16, 2026· 46m 46s· 8 players
Game mode
Random Map
Map size
Large (8 player)
Population
200
Speed
Normal
Resources
Standard
Victory
Conquest
Starting age
Dark Age
Ending age
Imperial Age
RankedLock teamsTeams togetherTeam positionsShared explorationLock speedFull tech treeHidden civsTurbo modeCheats
Victory
Defeat
🇫🇮 Britons · Finland
1060
+12
🇫🇮 Bengalis · Finland
956
+16
🇺🇸 Turks · United States
853
+20
🇨🇳 Armenians · China
836
+21
🇨🇳 Ethiopians · China
986
-19
🇨🇳 Bohemians · China
951
-17
🇨🇳 Poles · China
936
-17
🇹🇼 Khmer · Taiwan
920
-16
Sagittal
12:23 Feudal Age
15:28 Castle Age
13:33 Double-Bit Axe
13:41 Stone Mining
14:14 Horse Collar
19:34 Gold Mining
20:50 Bow Saw
21:19 Loom
26:18 Gold Shaft Mining
27:17 Wheelbarrow
26:56 Heavy Plow
27:02 Husbandry
27:17 Bloodlines
31:10 Light Cavalry
37:51 Imperial Age
40:35 Hussar
42:17 Forging
42:15 Scale Barding Armor
45:02 Iron Casting
46:25 Conscription
378080739
0:29 Loom
12:48 Feudal Age
20:24 Castle Age
19:06 Double-Bit Axe
19:13 Stone Mining
Macau_Player
10:17 Feudal Age
13:55 Castle Age
12:09 Double-Bit Axe
13:02 Horse Collar
16:00 Bow Saw
22:29 Wheelbarrow
27:26 Imperial Age
25:14 Fletching
26:30 Bodkin Arrow
26:35 Padded Archer Armor
26:36 Scale Mail Armor
27:26 Forging
28:32 Conscription
29:22 Chemistry
28:43 Ballistics
28:41 Leather Archer Armor
29:04 Pikeman
30:10 Bracer
30:26 Chain Mail Armor
29:37 Elite Skirmisher
32:19 Two-Man Saw
33:26 Halberdier
37:24 Houfnice
圖表大師
10:59 Feudal Age
14:47 Castle Age
12:49 Double-Bit Axe
13:36 Horse Collar
20:27 Squires
20:13 Arson
22:02 Gold Mining
22:50 Bow Saw
22:48 Crossbowman
23:36 Stone Mining
23:51 Heavy Plow
24:03 Loom
24:45 Fletching
25:07 Padded Archer Armor
26:22 Ballistics
26:00 Bodkin Arrow
27:27 Wheelbarrow
26:39 Town Watch
28:25 Scale Mail Armor
28:51 Murder Holes
34:43 Imperial Age
33:19 Thumb Ring
33:36 Leather Archer Armor
34:09 Forging
35:02 Fortified Wall
36:05 Elite Shotel Warrior
37:06 Conscription
36:38 Arbalester
37:44 Bracer
39:52 Chemistry
39:19 Masonry
Anipazronkin
0:30 Loom
2:10 Loom
12:18 Feudal Age
13:11 Double-Bit Axe
13:08 Horse Collar
13:20 Gold Mining
14:11 Wheelbarrow
19:07 Scale Barding Armor
23:29 Castle Age
21:15 Town Watch
23:34 Castle Age
21:51 Stone Mining
22:10 Scale Barding Armor
22:57 Forging
23:00 Bloodlines
23:41 Fletching
25:11 Hand Cart
25:40 Gold Shaft Mining
26:18 Iron Casting
26:37 Bow Saw
26:36 Heavy Plow
28:07 Ballistics
27:58 Masonry
29:42 Treadmill Crane
32:14 Town Patrol
34:53 Imperial Age
32:50 Thumb Ring
33:35 Fortified Wall
33:20 Murder Holes
34:08 Chain Barding Armor
34:26 Caravan
34:55 Husbandry
35:08 Bodkin Arrow
36:26 Guilds
37:38 Two-Man Saw
40:03 Plate Barding Armor
46:56 Hoardings
PAKETI
9:43 Loom
11:29 Feudal Age
16:10 Castle Age
13:53 Horse Collar
14:06 Double-Bit Axe
17:21 Heavy Plow
17:39 Bow Saw
20:45 Fletching
24:57 Gold Mining
28:55 Imperial Age
27:20 Bodkin Arrow
29:59 Gold Shaft Mining
30:47 Bracer
30:38 Pikeman
31:50 Forging
31:41 Scale Mail Armor
31:54 Halberdier
32:34 Squires
33:53 Iron Casting
33:33 Chain Mail Armor
36:27 Man-at-Arms
36:52 Gambesons
40:19 Blast Furnace
39:53 Chain Mail Armor
39:38 Long Swordsman
40:04 Arson
40:33 Two-Handed Swordsman
44:01 Two-Man Saw
43:37 Champion
47:49 Chemistry
MIG99
1:07 Loom
10:04 Feudal Age
10:34 Double-Bit Axe
11:42 Gold Mining
11:16 Man-at-Arms
13:20 Arson
14:38 Horse Collar
16:46 Long Swordsman
17:47 Scale Mail Armor
19:20 Forging
19:45 Fletching
23:38 Castle Age
24:06 Gambesons
23:41 Two-Handed Swordsman
24:29 Heavy Plow
24:43 Bow Saw
25:01 Gambesons
25:16 Squires
25:56 Iron Casting
26:24 Elite Skirmisher
28:36 Gold Shaft Mining
30:09 Wheelbarrow
29:28 Stone Mining
31:27 Padded Archer Armor
31:23 Bodkin Arrow
31:43 Chain Mail Armor
31:10 Pikeman
36:57 Imperial Age
36:06 Fortified Wall
37:09 Capped Ram
37:44 Town Watch
38:18 Masonry
39:07 Plate Mail Armor
39:36 Champion
41:35 Conscription
42:07 Ballistics
41:49 Bracer
43:58 Fereters
44:41 Halberdier
kiertolaispoika
10:09 Feudal Age
10:46 Horse Collar
12:00 Double-Bit Axe
14:46 Loom
17:54 Castle Age
17:35 Town Watch
24:49 Heavy Plow
25:09 Bow Saw
28:46 Ballistics
33:08 Imperial Age
31:38 Gold Mining
32:48 Wheelbarrow
36:47 Gold Shaft Mining
36:03 Stone Mining
36:40 Fletching
36:50 Padded Archer Armor
37:01 Forging
36:36 Elite Longbowman
38:31 Warwolf
38:56 Yeomen
38:41 Warwolf
39:02 Conscription
39:18 Hoardings
39:04 Bodkin Arrow
39:24 Leather Archer Armor
39:23 Fortified Wall
40:24 Hand Cart
40:11 Town Patrol
41:34 Two-Man Saw
39:58 Elite Skirmisher
45:21 Ring Archer Armor
44:52 Bracer
Connection lost

Rejoining the realm…

Still unreachable

The connection could not be restored.

Session expired

The server has moved on; the page needs a fresh start.